cohdb
Replays
Latest Replays
All Replays
Popular Replays
Top Player Replays
Match Explorer
How It Works
Community
CoH3 Stats
Reddit
Sign in to upload your games and track your stats! →
Sign in with Steam
Match 37919461
Unlisted
Match 37919461
Overview
Messages
Build Orders
End
Engineer Squad
Construct Barracks
Selects Armored Battlegroup
Selects Veteran Crews
1⁄4-ton 4x4 Truck
Riflemen Squad
Riflemen Squad
Mechanized Support Center
Riflemen Squad
Construct Motor Pool
Riflemen Squad
M8 Greyhound Armored Car
Selects Strength in Steel
Grenade Package
Designate Forward Repair Station
M24 Chaffee Light Tank
M8 Greyhound Armored Car
Construct Medical Station
Selects Seek and Destroy
M8 Greyhound Armored Car
acn322
(502) Bad Gateway
0
0
Comments
sign in to comment!
No comments posted yet!